 Dungeon Crawl Stone Soup version 0.27.1-2-g3b301248ec (webtiles) character file.

Game seed: 16005882215992985082

63 gnolly the Grave Robber (level 3, -5/24 HPs)
             Began as a Mummy Necromancer on Sept 29, 2021.
             Slain by a gnoll shaman (8 damage)
             ... on level 3 of the Dungeon.
             The game lasted 00:13:31 (2890 turns).

gnolly the Grave Robber (Mummy Necromancer)         Turns: 2890, Time: 00:13:32

Health: -5/24      AC:  2    Str: 11    XL:     3   Next: 89%
Magic:  7/8        EV: 12    Int: 15    God:
Gold:   66         SH:  0    Dex: 12    Spells: 4/9 levels left

rFire    x . .     SeeInvis .   (no weapon)
rCold    + . .     Faith    .   (no shield)
rNeg     + + +     Spirit   .   a - +0 robe
rPois    ∞         Reflect  .   (no helmet)
rElec    .         Harm     .   (no cloak)
rCorr    .         Rampage  .   (no gloves)
Will     .....                  (no boots)
Stlth    ++........             c - amulet of magic regeneration
HPRegen  0.08/turn              b - ring of flight
MPRegen  0.36/turn              (no ring)

@: weak-willed, flying
A: cold resistance 1, negative energy resistance 3, torment resistance 2, heat
vulnerability 1, no potions
a: no special abilities


You were on level 3 of the Dungeon.
You visited 1 branch of the dungeon, and saw 3 of its levels.

You collected 66 gold pieces.

Inventory:

Missiles
 f - 6 javelins (quivered)
Armour
 a - a +0 robe (worn)
Jewellery
 b - a ring of flight (left hand)
 c - an amulet of magic regeneration (around neck)
 h - an amulet of regeneration
Scrolls
 d - a scroll of identify {unknown}
 g - 3 scrolls of amnesia {unknown}
 i - a scroll of immolation {unknown}


   Skills:
 + Level 1.6 Dodging
 + Level 1.6 Stealth
 + Level 3.5 Spellcasting
 * Level 5.1 Necromancy


You had 4 spell levels left.
You knew the following spells:

 Your Spells              Type           Power      Damage    Failure   Level
a - Pain                  Necr           72%        1d7       2%          1
b - Animate Skeleton      Necr           36%        N/A       2%          1
c - Vampiric Draining     Necr           9%         2d7       7%          3

Your spell library contained the following spells:

 Spells                   Type           Power      Damage    Failure   Level
 Animate Dead             Necr           9%         N/A       22%         4
 Agony                    Necr           18%        N/A       54%         5


Dungeon Overview and Level Annotations

Branches:
Dungeon (3/15)

Altars:


Innate Abilities, Weirdness & Mutations

You are immune to poison.
Your flesh is cold resistant. (rC+)
You are immune to negative energy. (rN+++)
You are immune to unholy pain and torment.
You are vulnerable to heat. (rF-)
You do not drink.


Message History

Aiming: Pain (safe; 2% risk of failure)
Press: ? - help, Shift-Dir - straight line, f/p - gnoll
Aim: a gnoll, wielding a +0 spear (heavily wounded, chance to affect: 84%)
The gnoll shaman writhes in agony.
A gnoll comes into view. It is wielding a +0 whip.
A gnoll comes into view. It is wielding a +0 spear.
The gnoll shaman calls down the wrath of its god upon you.
You resist with some effort.
Throw: 7 javelins
Press: ? - help, Q - select action, (/) - cycle Shift-Dir - straight line, f/p - gnoll
Aim: a gnoll, wielding a +0 spear (heavily wounded, 60% to hit)
You throw a javelin.
The javelin pierces through the gnoll shaman but does no damage.
The gnoll shaman is moderately wounded.
The javelin pierces through the gnoll!
The gnoll is almost dead.
There are monsters nearby!
Casting: Pain (safe; 2% risk of failure)
Confirm with . or Enter, or press ? or * to list all spells.
Aiming: Pain (safe; 2% risk of failure)
Press: ? - help, Shift-Dir - straight line, f/p - gnoll
Aim: a gnoll, wielding a +0 spear (almost dead, chance to affect: 84%)
The gnoll shaman barely resists.
The gnoll shaman hits you with a +0 whip!
The gnoll hits you from afar with a +0 spear.
The gnoll shaman calls upon its god to heal something.
Casting: Pain (safe; 2% risk of failure)
Confirm with . or Enter, or press ? or * to list all spells.
Aiming: Pain (safe; 2% risk of failure)
Press: ? - help, Shift-Dir - straight line, f - gnoll shaman
Aim: a gnoll shaman, wielding a +0 whip and wearing a +0 robe (lightly wounded, chance to affect: 78%)
The gnoll shaman writhes in agony.
There are monsters nearby!
The gnoll closely misses you.
The gnoll shaman hits you with a +0 whip!
* * * LOW HITPOINT WARNING * * *
As you read the scroll labelled YXUDUT XAICVAG, it crumbles to dust.
Magic quickly surges around you.
It was a scroll of vulnerability.
The gnoll shaman hits you with a +0 whip!
You die...

######.....###
#.....# #.....####
#........#
##.....##.#
#.#######'####
#....#...)...#
.#####..###.⌠...⌠.#
........#
#.....@g###
#####..<#
+...⌠...'g#
.......##
#.......#g#
.####...
#.⌠^..⌠.#.# ####
#.......#(#
####+####g# .# ##


You could see a gnoll shaman (weak-willed) and 2 gnolls.

Vanquished Creatures
  2 worms (D:2)
  3 dart slugs
  6 bats
  4 endoplasms
  2 giant cockroaches (D:2)
  8 goblins
  2 hobgoblins (D:2)
  3 jackals (D:2)
  2 quokkas
  5 ball pythons
  2 frilled lizards
  4 kobolds
  3 rats
46 creatures vanquished.

Vanquished Creatures (collateral kills)
  A bat (D:1)
  An endoplasm (D:1)
2 creatures vanquished.

Vanquished Creatures (others)
  A plant (D:1)
1 creature vanquished.

Grand Total: 49 creatures vanquished

Notes
Turn   | Place    | Note
-------+----------+-------------------------------------------
     0 | D:1      | gnolly the Mummy Necromancer began the quest for the Orb.
     0 | D:1      | Reached XP level 1. HP: 13/13 MP: 4/4
    78 | D:1      | Learned a level 1 spell: Animate Skeleton
   286 | D:1      | Reached XP level 2. HP: 19/19 MP: 3/5
  1397 | D:2      | Reached XP level 3. HP: 24/24 MP: 5/7
  1780 | D:2      | Found a faded altar of an unknown god.
  1971 | D:2      | Reached skill level 5 in Necromancy
  2053 | D:2      | Learned a level 3 spell: Vampiric Draining
  2890 | D:3      | Slain by a gnoll shaman

Illustrated notes

Levels and vault maps discovered:
D:1:      saegor_arrival_simple_e, layout_basic, hangedman_decor_growths,
          serial_bayou_pond_d
D:2:      layout_basic, shapermc_ecumenical_altar_totnotflames
D:3:      layout_basic, grunt_ministairs_14, minmay_fountain_box,
          corner_web_ring

Skill      XL: |  1  2  3 |
---------------+----------+-----
Spellcasting   | 3 |  3.5
Necromancy     | 5 |  5.1
Dodging        | |  1.6
Stealth        | |  1.6

Action                   || total
-------------------------++-------
Melee: Unarmed           ||    14
Throw: Javelin           ||     2
 Cast: Pain              ||    95
       Animate Skeleton  ||    17
  Use: Scroll            ||     1
Armor: Robe              ||    10
Dodge: Dodged            ||    45
